TOP OF THE 1ST |
Las Vegas 51s batting - Pitching for Louisville Bats : RHP Justin Ezzell
|
Pitching: RHP Justin Ezzell
|
|
Batting: RHB Finn Ross
|
0-0: Ball 1-0: Swinging Strike 1-1: Called Strike 1-2: Strikes out swinging
|
Batting: RHB Josh Jones
|
0-0: TRIPLE (Line Drive, 8RXD, EV 105.0 MPH)
|
Batting: RHB Jordan Fairburn
|
0-0: Called Strike 0-1: Ball 1-1: Ball 2-1: Foul Ball, location: 2F 2-2: Fly out, F7 (Flyball, 78M, EV 71.2 MPH)
|
Batting: RHB Darwin Mills
|
0-0: Ball 1-0: Called Strike 1-1: Ball 2-1: Called Strike 2-2: Foul Ball, location: 2F 2-2: Ball 3-2: Strikes out swinging
|
Top of the 1st over - 0 runs, 1 hit, 0 errors, 1 left on base; Las Vegas 0 - Louisville 0 |
BOTTOM OF THE 1ST |
Louisville Bats batting - Pitching for Las Vegas 51s : LHP Jimmy Rush
|
Pitching: LHP Jimmy Rush
|
|
Batting: SHB Bryan Johnston
|
0-0: SINGLE (Groundball, 4MD, EV 93.8 MPH)
|
Batting: RHB Won-jun Park
|
0-0: Ball 1-0: Grounds into double play, 5-4-3 (Groundball, 5, EV 105.6 MPH)
|
Batting: LHB Randy Racine
|
0-0: Ball 1-0: Swinging Strike 1-1: Ball 2-1: Ball 3-1: Called Strike 3-2: Foul Ball, location: 2F 3-2: Ground out U3 (Groundball, 3, EV 100.6 MPH)
|
Bottom of the 1st over - 0 runs, 1 hit, 0 errors, 0 left on base; Las Vegas 0 - Louisville 0 |
TOP OF THE 2ND |
Las Vegas 51s batting - Pitching for Louisville Bats : RHP Justin Ezzell
|
Batting: RHB Ken Fitzpatrick
|
0-0: Ground out 5-3 (Groundball, 5, EV 108.1 MPH)
|
Batting: RHB Alex Ramirez
|
0-0: Foul Ball, location: 2F 0-1: Called Strike 0-2: Ball 1-2: Ball 2-2: Foul Ball, location: 2F 2-2: Foul Ball, location: 2F 2-2: Ball 3-2: Strikes out swinging
|
Batting: LHB Angel Sanchez
|
0-0: Fly out, F9 (Flyball, 9S, EV 90.6 MPH)
|
Top of the 2nd over - 0 runs, 0 hits, 0 errors, 0 left on base; Las Vegas 0 - Louisville 0 |
BOTTOM OF THE 2ND |
Louisville Bats batting - Pitching for Las Vegas 51s : LHP Jimmy Rush
|
Batting: RHB Juan Reyes
|
0-0: Ball 1-0: Called Strike 1-1: Called Strike 1-2: Foul Ball, location: 2F 1-2: Strikes out looking
|
Batting: RHB Chase Briney
|
0-0: Ball 1-0: Foul Ball, location: 2F 1-1: Ball 2-1: Ball 3-1: Called Strike 3-2: Foul Ball, location: 2F 3-2: Foul Ball, location: 2F 3-2: Base on Balls
|
Batting: LHB Satoru Handa
|
0-0: Called Strike 0-1: Grounds into double play, 4-6-3 (Groundball, 4, EV 90.0 MPH)
|
Bottom of the 2nd over - 0 runs, 0 hits, 0 errors, 0 left on base; Las Vegas 0 - Louisville 0 |
TOP OF THE 3RD |
Las Vegas 51s batting - Pitching for Louisville Bats : RHP Justin Ezzell
|
Batting: LHB Jose Chavez
|
0-0: Called Strike 0-1: Ball 1-1: Foul Ball, location: 2F 1-2: Strikes out swinging
|
Batting: RHB Alex Vasquez
|
0-0: Ball 1-0: DOUBLE (Groundball, 5L, EV 103.1 MPH)
|
Batting: RHB Finn Ross
|
0-0: Foul Ball, location: 2F 0-1: Ball 1-1: Ground out 5-3 (Groundball, 56S, EV 61.9 MPH) Alex Vasquez to third
|
Batting: RHB Josh Jones
|
0-0: Ground out 4-3 (Groundball, 4, EV 106.2 MPH)
|
Top of the 3rd over - 0 runs, 1 hit, 0 errors, 1 left on base; Las Vegas 0 - Louisville 0 |
BOTTOM OF THE 3RD |
Louisville Bats batting - Pitching for Las Vegas 51s : LHP Jimmy Rush
|
Batting: RHB Dave Ruiz
|
0-0: Ground out U3 (Groundball, 13, EV 81.9 MPH)
|
Batting: RHB Colin Lord
|
0-0: Swinging Strike 0-1: Foul Ball, location: 2F 0-2: Ball 1-2: Ground out 5-3 (Groundball, 5S, EV 82.5 MPH)
|
Batting: RHB Ryan Short
|
0-0: Ball 1-0: Ground out U3 (Groundball, 34, EV 97.5 MPH)
|
Bottom of the 3rd over - 0 runs, 0 hits, 0 errors, 0 left on base; Las Vegas 0 - Louisville 0 |
TOP OF THE 4TH |
Las Vegas 51s batting - Pitching for Louisville Bats : RHP Justin Ezzell
|
Batting: RHB Jordan Fairburn
|
0-0: Foul Ball, location: 2F 0-1: Ball 1-1: Ground out 5-3 (Groundball, 5D, EV 80.0 MPH)
|
Batting: RHB Darwin Mills
|
0-0: Called Strike 0-1: Ball 1-1: Called Strike 1-2: Fly out, F5 (Popup, 5SF, EV 83.1 MPH)
|
Batting: RHB Ken Fitzpatrick
|
0-0: Ball 1-0: Swinging Strike 1-1: SINGLE (Groundball, 4MD, EV 108.1 MPH)
|
Batting: RHB Alex Ramirez
|
0-0: Called Strike 0-1: Foul Ball, location: 2F 0-2: Ball 1-2: Foul Ball, location: 2F 1-2: Strikes out swinging
|
Top of the 4th over - 0 runs, 1 hit, 0 errors, 1 left on base; Las Vegas 0 - Louisville 0 |
BOTTOM OF THE 4TH |
Louisville Bats batting - Pitching for Las Vegas 51s : LHP Jimmy Rush
|
Batting: SHB Bryan Johnston
|
0-0: Ball 1-0: Called Strike 1-1: Foul Ball, location: 2F 1-2: Single, Error in OF, E8, batter to second base (Groundball, 6MD, EV 105.6 MPH)
|
Batting: RHB Won-jun Park
|
0-0: Called Strike 0-1: Ball Bryan Johnston steals 3rd base 1-1: Ball 2-1: Ball 3-1: Fly out, F3 (Popup, 23F, EV 87.5 MPH)
|
Batting: LHB Randy Racine
|
0-0: Fly out, F8 (Line Drive, 78D, EV 91.2 MPH) Runner from 3rd tags up, SCORES, no throw by CF
|
Batting: RHB Juan Reyes
|
0-0: Ball 1-0: Ball 2-0: Ball 3-0: Called Strike 3-1: Foul Ball, location: 2F 3-2: SINGLE (Groundball, 56D, EV 100.6 MPH)
|
Batting: RHB Chase Briney
|
0-0: Called Strike 0-1: Ball 1-1: Ball 2-1: Ball 3-1: Base on Balls Juan Reyes to second
|
Batting: LHB Satoru Handa
|
0-0: Called Strike 0-1: Ball 1-1: Fly out, F6 (Line Drive, 6M, EV 71.9 MPH)
|
Bottom of the 4th over - 1 run, 2 hits, 1 error, 2 left on base; Las Vegas 0 - Louisville 1 |
TOP OF THE 5TH |
Las Vegas 51s batting - Pitching for Louisville Bats : RHP Justin Ezzell
|
Batting: LHB Angel Sanchez
|
0-0: Ground out 6-3 (Groundball, P, EV 85.0 MPH)
|
Batting: LHB Jose Chavez
|
0-0: Ball 1-0: Swinging Strike 1-1: Ball 2-1: Ball 3-1: Foul Ball, location: 2F 3-2: Ground out U3 (Groundball, 3D, EV 98.8 MPH)
|
Batting: RHB Alex Vasquez
|
0-0: DOUBLE (Line Drive, 9LM, EV 105.0 MPH)
|
Pitching: RHP Omar Vinson
|
|
Batting: RHB Finn Ross
|
0-0: Called Strike 0-1: Fly out, F8 (Flyball, 89M, EV 90.6 MPH)
|
Top of the 5th over - 0 runs, 1 hit, 0 errors, 1 left on base; Las Vegas 0 - Louisville 1 |
BOTTOM OF THE 5TH |
Louisville Bats batting - Pitching for Las Vegas 51s : LHP Jimmy Rush
|
Batting: RHB Dave Ruiz
|
0-0: Ball 1-0: Ground out 6-3 (Groundball, 6S, EV 66.2 MPH)
|
Batting: RHB Colin Lord
|
0-0: Ball 1-0: Ground out 6-3 (Groundball, 6MS, EV 83.1 MPH)
|
Batting: RHB Ryan Short
|
0-0: Ball 1-0: Ground out 6-3 (Groundball, 6, EV 92.5 MPH)
|
Bottom of the 5th over - 0 runs, 0 hits, 0 errors, 0 left on base; Las Vegas 0 - Louisville 1 |
TOP OF THE 6TH |
Las Vegas 51s batting - Pitching for Louisville Bats : RHP Omar Vinson
|
Batting: RHB Josh Jones
|
0-0: Ball 1-0: Ball 2-0: Reached via error on a dropped throw from 3B, E3 (Groundball, 56, EV 108.1 MPH)
|
Batting: RHB Jordan Fairburn
|
0-0: Foul Ball, location: 2F 0-1: Ball 1-1: Ball 2-1: Swinging Strike 2-2: Strikes out swinging
|
Batting: RHB Darwin Mills
|
0-0: Called Strike 0-1: Called Strike 0-2: Ball Josh Jones is caught stealing 2nd base 2-4 1-2: Ball 2-2: Ball 3-2: Ground out 4-3 (Groundball, 4, EV 84.4 MPH)
|
Top of the 6th over - 0 runs, 0 hits, 1 error, 0 left on base; Las Vegas 0 - Louisville 1 |
BOTTOM OF THE 6TH |
Louisville Bats batting - Pitching for Las Vegas 51s : LHP Jimmy Rush
|
Batting: SHB Bryan Johnston
|
0-0: Called Strike 0-1: Fly out, F8 (Line Drive, 8LM, EV 90.0 MPH)
|
Batting: RHB Won-jun Park
|
0-0: Called Strike 0-1: Ball 1-1: Ball 2-1: DOUBLE (Line Drive, 9LM, EV 105.0 MPH)
|
Batting: LHB Randy Racine
|
0-0: SINGLE (Line Drive, 89S, EV 100.0 MPH) Won-jun Park to third Runner from 3rd tries for Home, SAFE, throw by RF to home Randy Racine to second
|
Batting: RHB Juan Reyes
|
0-0: Ball 1-0: Ball 2-0: Foul Ball, location: 2F 2-1: Ball 3-1: Foul Ball, location: 2F 3-2: Strikes out swinging
|
Batting: RHB Chase Briney
|
0-0: Ball 1-0: Called Strike 1-1: Ball 2-1: Fly out, F9 (Flyball, 89M, EV 77.5 MPH)
|
Bottom of the 6th over - 1 run, 2 hits, 0 errors, 1 left on base; Las Vegas 0 - Louisville 2 |
TOP OF THE 7TH |
Las Vegas 51s batting - Pitching for Louisville Bats : RHP Omar Vinson
|
Batting: RHB Ken Fitzpatrick
|
0-0: Called Strike 0-1: Ground out 5-3 (Groundball, 56, EV 88.1 MPH)
|
Batting: RHB Alex Ramirez
|
0-0: Ball 1-0: Called Strike 1-1: Called Strike 1-2: Foul Ball, location: 2F 1-2: Strikes out swinging
|
Batting: LHB Angel Sanchez
|
0-0: Swinging Strike 0-1: Swinging Strike 0-2: Strikes out swinging
|
Top of the 7th over - 0 runs, 0 hits, 0 errors, 0 left on base; Las Vegas 0 - Louisville 2 |
BOTTOM OF THE 7TH |
Louisville Bats batting - Pitching for Las Vegas 51s : LHP Jimmy Rush
|
Batting: LHB Satoru Handa
|
0-0: Ball 1-0: Fly out, F9 (Flyball, 9D, EV 95.6 MPH)
|
Batting: RHB Dave Ruiz
|
0-0: Ground out 4-3 (Groundball, 4, EV 90.6 MPH)
|
Batting: RHB Colin Lord
|
0-0: Ball 1-0: Called Strike 1-1: Called Strike 1-2: Foul Ball, location: 2F 1-2: Foul Ball, location: 2F 1-2: Ball 2-2: Ball 3-2: Foul Ball, location: 2F 3-2: Foul Ball, location: 2F 3-2: Fly out, F4 (Popup, 4M, EV 74.4 MPH)
|
Bottom of the 7th over - 0 runs, 0 hits, 0 errors, 0 left on base; Las Vegas 0 - Louisville 2 |
TOP OF THE 8TH |
Las Vegas 51s batting - Pitching for Louisville Bats : RHP Omar Vinson
|
Batting: LHB Jose Chavez
|
0-0: Ball 1-0: Foul Ball, location: 2F 1-1: Fly out, F5 (Popup, 5SF, EV 68.1 MPH)
|
Pinch Hitting: LHB Bill Armijo
|
0-0: Ball 1-0: Called Strike 1-1: Foul Ball, location: 2F 1-2: Strikes out swinging
|
Batting: RHB Finn Ross
|
0-0: Ball 1-0: Ball 2-0: Ball 3-0: Base on Balls
|
Batting: RHB Josh Jones
|
0-0: Ball 1-0: Foul Ball, location: 2F 1-1: Fly out, F9 (Flyball, 89M, EV 78.1 MPH)
|
Top of the 8th over - 0 runs, 0 hits, 0 errors, 1 left on base; Las Vegas 0 - Louisville 2 |
BOTTOM OF THE 8TH |
Louisville Bats batting - Pitching for Las Vegas 51s : LHP Jimmy Rush
|
Now at 2B: Roger Renteria
|
|
Now at SS: Jordan Fairburn
|
|
Batting: RHB Ryan Short
|
0-0: Reached on error, E5 (Groundball, 56, EV 84.4 MPH)
|
Batting: SHB Bryan Johnston
|
0-0: Ball 1-0: Bunt missed! 1-1: Ball 2-1: Reached on error, E1 (Groundball, 15, EV 43.8 MPH) Ryan Short to third
|
Pitching: RHP Brian Wood
|
|
Batting: RHB Won-jun Park
|
0-0: Ball 1-0: Ball 2-0: Foul Ball, location: 2F 2-1: SINGLE (Groundball, 6D, EV 94.4 MPH) Ryan Short scores Bryan Johnston to third
|
Batting: LHB Randy Racine
|
0-0: Ball 1-0: Ball 2-0: Called Strike 2-1: Ball Won-jun Park steals 2nd, throwing error, E2 Bryan Johnston scores Won-jun Park to third 3-1: Base on Balls
|
Batting: RHB Juan Reyes
|
0-0: Foul Ball, location: 2F 0-1: Ball 1-1: Fielders Choice at 2nd, 6-4 (Groundball, 6, EV 81.9 MPH) Won-jun Park scores
|
Batting: RHB Chase Briney
|
0-0: Ball 1-0: Fly out, F9 (Line Drive, 89M, EV 83.8 MPH)
|
Batting: LHB Satoru Handa
|
0-0: Called Strike Juan Reyes steals 2nd base 0-1: Ball 1-1: SINGLE (Groundball, 6D, EV 112.5 MPH) Juan Reyes to third Runner from 3rd tries for Home, SAFE, throw by LF to home
|
Batting: RHB Dave Ruiz
|
0-0: Ball Satoru Handa steals 2nd base 1-0: Ground out 6-3 (Groundball, 6, EV 87.5 MPH)
|
Bottom of the 8th over - 4 runs, 2 hits, 3 errors, 1 left on base; Las Vegas 0 - Louisville 6 |
TOP OF THE 9TH |
Las Vegas 51s batting - Pitching for Louisville Bats : RHP Omar Vinson
|
Batting: RHB Jordan Fairburn
|
0-0: Ball 1-0: Ball 2-0: SINGLE (Groundball, 6S, EV 65.6 MPH) (infield hit)
|
Batting: RHB Darwin Mills
|
0-0: Called Strike 0-1: Foul Ball, location: 2F 0-2: Strikes out swinging
|
Pitching: RHP Giovonni Morgia
|
|
Batting: RHB Ken Fitzpatrick
|
0-0: Ball 1-0: Called Strike 1-1: Called Strike 1-2: Ball 2-2: Grounds into double play, 6-4-3 (Groundball, 6, EV 87.5 MPH)
|
Top of the 9th over - 0 runs, 1 hit, 0 errors, 0 left on base; Las Vegas 0 - Louisville 6 |
|